 Dungeon Crawl Stone Soup version 0.22.1-1-ga44c0e5 (webtiles) character file.

7650 eljoo the Covert (level 11, -12/126 HPs)
             Began as a Formicid Earth Elementalist on Nov 10, 2018.
             Was a Follower of Ashenzari.
             Mangled by an orc warrior
             ... wielding a +0 battleaxe
             ... led by an orc warlord
              (17 damage)
             ... on level 10 of the Dungeon.
             The game lasted 01:47:36 (16102 turns).

eljoo the Covert (Formicid Earth Elementalist)     Turns: 16102, Time: 01:47:37

Health: -12/126    AC: 25    Str: 13    XL:     11   Next: 41%
Magic:  24/24      EV:  2    Int: 18    God:    Ashenzari [*.....]
Gold:   570        SH:  0    Dex: 13    Spells: 13/28 levels left

rFire    . . .     SeeInvis .   J - +2 mace (crush)
rCold    . . .     Gourm    .   (no shield)
rNeg     + + +     Faith    .   (armour currently unavailable)
rPois    +         Spirit   .   (helmet unavailable)
rElec    .         Reflect  .   (cloak currently unavailable)
rCorr    .         Harm     .   (gloves currently unavailable)
MR       +....                  (boots currently unavailable)
Stlth    ++++......             G - amulet of the acrobat
HPRegen  0.31/turn              y - +2 ring of dexterity
MPRegen  0.19/turn              (no ring)

@: tree-form
A: permanent stasis, dig shafts and tunnels, four strong arms
a: Curse Item, Scrying, Renounce Religion


You were on level 10 of the Dungeon.
You worshipped Ashenzari.
Ashenzari was aware of your devotion.
You were not hungry.
You were a tree.
You visited 4 branches of the dungeon, and saw 13 of its levels.

You collected 570 gold pieces.

Inventory:

Hand Weapons
 o - a +1 whip of venom
 t - a +2 vampiric whip
 x - a +0 trident of piercing
 C - a +0 long sword of slicing
 H - a +3 long sword
 J - a +2 mace of crushing (weapon)
Missiles
 b - a tomahawk (quivered)
Armour
 a - a +0 robe (melded)
 q - the cursed +0 pair of gloves of Absolutism (melded) {+Fly rPois}
   (You found it on level 4 of the Dungeon)

   It protects you from poison.
   It lets you fly.
   It has a curse placed upon it.
Jewellery
 y - a +2 ring of dexterity (left branch)
 G - an amulet of the acrobat (around neck)
Wands
 v - a wand of flame (30)
 B - a wand of paralysis (17)
Scrolls
 g - a scroll of fog
 k - 9 scrolls of identify
 m - a scroll of random uselessness {unknown}
 r - a scroll of vulnerability {unknown}
 s - a scroll of immolation {unknown}
 w - 2 scrolls of amnesia {unknown}
 z - a scroll of enchant weapon {unknown}
 A - 2 scrolls of magic mapping {unknown}
 D - a scroll of remove curse
 E - 2 scrolls of fear {unknown}
 F - a scroll of blinking {unknown}
 K - a scroll of teleportation {unknown}
Potions
 c - a potion of ambrosia
 e - a potion of brilliance
 f - 2 potions of agility
 h - 4 potions of curing {unknown}
 i - a potion of haste {unknown}
 j - a potion of cancellation {unknown}
 l - a potion of degeneration {unknown}
 n - 2 potions of flight
 p - a potion of experience {unknown}
 u - a potion of lignification
Comestibles
 d - 10 rations
 I - 11 chunks of flesh


   Skills:
 + Level 7.0 Fighting
 * Level 6.7 Maces & Flails
 - Level 1.7 Dodging
 + Level 9.6 Stealth
 - Level 9.1 Spellcasting
 * Level 5.7 Transmutations
 + Level 8.9 Earth Magic


You had 13 spell levels left.
You knew the following spells:

 Your Spells              Type           Power        Failure   Level  Hunger
a - Sandblast             Erth           #####.       1%          1    None
b - Petrify               Tmut/Erth      ####....     4%          4    ###....
c - Lee's Rapid Deconstr  Erth           #####.....   6%          5    #####..
d - Magic Dart            Conj           #...         9%          1    None
e - Call Imp              Summ           #.......     13%         2    None
f - Slow                  Hex            #.......     13%         2    None

Your spell library contained the following spells:

 Spells                   Type           Power        Failure   Level  Hunger
 Passwall                 Tmut/Erth      ####....     1%          2    None
 Stone Arrow              Conj/Erth      ###...       4%          3    None
 Conjure Flame            Conj/Fire      #.......     26%         3    None
 Mephitic Cloud           Conj/Pois/Air  #.......     26%         3    None
 Blink                    Tloc           Unusable     N/A         2    N/A

Dungeon Overview and Level Annotations

Branches:
Dungeon (10/15)            Temple (1/1) D:6            Lair (1/6) D:9
    Orc (1/2) D:10

Altars:
Ashenzari
Cheibriados
Dithmenos
Elyvilon
Fedhas
Gozag
Hepliaklqana
Kikubaaqudgha
Makhleb
Nemelex Xobeh
Okawaru
Qazlal
Ru
Sif Muna
Trog
Uskayaw
Vehumet
Wu Jian
Xom
Yredelemnul
Zin
The Shining One

Shops:
D:6 ?

Annotations:
D:9 2 runed doors


Innate Abilities, Weirdness & Mutations

You cannot be hasted, slowed, berserked, paralysed or teleported.
You can dig through walls and to a lower floor.
Your four strong arms can wield two-handed weapons with a shield.
((You have a pair of large antennae on your head. (SInv)))


Message History

There is a staircase back to the Dungeon, spattered with blood here.
The orc hits you with a flail!
* * * LOW HITPOINT WARNING * * *
The orc warrior hits you with a battleaxe.
* * * LOW HITPOINT WARNING * * *
The orc warlord roars a battlecry!
The orcs go into a battle-frenzy!
You climb upwards.
Welcome back to the Dungeon!
There is a staircase to the Orcish Mines here.
Okay, then.
You turn into a tree.
The cursed +0 pair of gloves of Absolutism {+Fly rPois} melds into your body.
Your +0 robe melds into your body.
Your roots penetrate the ground.
The orc wizard hits you but does no damage.
The orc hits you with a flail.
* * * LOW HITPOINT WARNING * * *
The orc warlord hits you with a great sword!!
* * * LOW HITPOINT WARNING * * *
The orc warrior hits you with a battleaxe!
You die...

....#.####.........# ###.........
....#....).........###....<......
....######.........#...#.........
..o.# #)........#.###.........
....# #.........'.# #.........
<...# #.#.######### ######.###
....# ###.#8...8# #.# #####
#.#)oo..# #.# .# #.[.o♣..# #.# .#
#[#÷o...# ####'### .####
#.#8)..8#######....... ....#
#.#######.....'....... ....#
#.#.#...#######....... ....#
##.....### #....... ....#
####)...### #....... .(..#
#....##.# #.......
....####.#####.# #>.....g


You could see an orc warlord, an orc warrior, an orc wizard and an orc.

Vanquished Creatures
  A two-headed ogre (D:9)
  A queen bee (D:8)
  2 trolls (D:10)
  The ghost of Goblin1989 the Chopper, an amateur DsCK of Xom (D:5)
  2 hippogriffs
  The ghost of whitewolfNL the Chopper, an amateur MiBe of Trog (D:4)
  A hungry ghost (D:8)
  A water moccasin (D:8)
  5 ogres
  9 orc warriors
  2 phantoms
  3 centaurs
  A crocodile (D:10)
  3 big kobolds
  7 bullfrogs
  5 gnoll sergeants
  A wyvern zombie (D:9)
  2 wyvern skeletons (D:8)
  7 scorpions
  13 killer bees (D:8)
  3 howler monkeys
  3 crimson imps
  2 centaur zombies
  3 quasits (D:5)
  A hound (D:7)
  2 jellies
  2 centaur skeletons
  2 orc priests
  7 orc wizards
  3 bullfrog skeletons
  3 iguanas
  12 worker ants
  A killer bee zombie (D:8)
  A hound zombie (D:4)
  A hound skeleton (D:4)
  10 gnolls
  9 adders
  4 shadow imps
  2 oozes
  2 adder skeletons
  2 worms (D:2)
  A dart slug (D:1)
  3 leopard geckos
  46 orcs
  2 giant cockroaches
  3 goblins
  9 hobgoblins
  16 jackals
  2 quokkas
  3 ball pythons
  3 bats
  4 frilled lizards
  8 kobolds
  A leopard gecko skeleton (D:5)
  A quokka skeleton (D:8)
  6 rats
251 creatures vanquished.

Notes
Turn   | Place    | Note
-------+----------+-------------------------------------------
     0 | D:1      | eljoo the Formicid Earth Elementalist began the quest for
                  | the Orb.
     0 | D:1      | Reached XP level 1. HP: 13/13 MP: 3/3
   436 | D:1      | Reached XP level 2. HP: 19/19 MP: 3/5
   653 | D:1      | Reached XP level 3. HP: 24/24 MP: 5/7
   906 | D:2      | Found a basalt altar of Yredelemnul.
  1280 | D:2      | Reached XP level 4. HP: 30/30 MP: 4/8
  1673 | D:3      | Reached skill level 5 in Earth Magic
  1673 | D:3      | Reached XP level 5. HP: 35/35 MP: 5/10
  2498 | D:4      | Found a blossoming altar of Fedhas.
  2539 | D:4      | Reached XP level 6. HP: 39/41 MP: 7/12
  2657 | D:4      | Found a transporter.
  2657 | D:4      | Noticed whitewolfNL's ghost (amateur MiBe)
  2814 | D:4      | Found a transporter.
  2815 | D:4      | Noticed an ogre
  2955 | D:4      | Got a pair of heavily runed gloves
  2961 | D:4      | Identified the +0 pair of gloves of Absolutism {+Fly rPois}
                  | (You found it on level 4 of the Dungeon)
  3103 | D:4      | Found a sacrificial altar of Ru.
  3103 | D:4      | Found a glowing golden altar of the Shining One.
  3109 | D:4      | Found an ancient bone altar of Kikubaaqudgha.
  3113 | D:4      | Found a shattered altar of Ashenzari.
  3113 | D:4      | Found a sparkling altar of Nemelex Xobeh.
  3114 | D:4      | Found a hazy altar of Hepliaklqana.
  3115 | D:4      | Found a burning altar of Makhleb.
  3116 | D:4      | Found a white marble altar of Elyvilon.
  3121 | D:4      | Became a worshipper of Ashenzari the Shackled
  3184 | D:5      | Entered Level 5 of the Dungeon
  3424 | D:4      | Learned a level 4 spell: Petrify
  3430 | D:4      | Learned a level 5 spell: Lee's Rapid Deconstruction
  3649 | D:5      | Reached XP level 7. HP: 46/46 MP: 2/14
  3862 | D:5      | Reached skill level 1 in Fighting
  3893 | D:5      | Reached skill level 1 in Maces & Flails
  3893 | D:5      | Reached skill level 5 in Spellcasting
  4160 | D:5      | Found a radiant altar of Vehumet.
  4187 | D:5      | Found a transporter.
  4193 | D:5      | Noticed Goblin1989's ghost (amateur DsCK)
  4244 | D:5      | Reached skill level 5 in Stealth
  4787 | D:5      | Reached XP level 8. HP: 55/55 MP: 4/16
  4942 | D:5      | Found a transporter.
  5917 | D:4      | Killed whitewolfNL's ghost
  6137 | D:5      | Killed Goblin1989's ghost
  6299 | D:5      | Reached XP level 9. HP: 60/64 MP: 13/19
  6859 | D:6      | Found Vour's Magic Scroll Boutique.
  6888 | D:6      | Found a staircase to the Ecumenical Temple.
  6895 | Temple   | Entered the Ecumenical Temple
  7149 | D:6      | Reached * piety under Ashenzari
  7358 | D:6      | Learned a level 1 spell: Magic Dart
  7361 | D:6      | Learned a level 2 spell: Call Imp
  7364 | D:6      | Learned a level 2 spell: Slow
  8218 | D:7      | Noticed a hippogriff
  8967 | D:7      | Killed a hippogriff
  9694 | D:8      | Reached skill level 5 in Fighting
  9750 | D:8      | Reached XP level 10. HP: 48/74 MP: 15/22
 10006 | D:8      | Found a hide-covered altar of Uskayaw.
 11391 | D:9      | Noticed a two-headed ogre
 11791 | D:9      | Found a runed door.
 11792 | D:9      | Noticed a fire dragon
 11794 | D:9      | Found the +2 shield of Resistance {rF+ rC+ MR+}
 11807 | D:9      | Noticed a fire dragon
 11809 | D:9      | Noticed an ice dragon
 11809 | D:9      | Noticed an ice dragon
 11822 | D:9      | Found a runed door.
 12212 | D:9      | Killed a two-headed ogre
 12212 | D:9      | Reached skill level 5 in Maces & Flails
 12353 | D:9      | Found a staircase to the Lair.
 12526 | Lair:1   | Entered Level 1 of the Lair of Beasts
 12630 | D:10     | Entered Level 10 of the Dungeon
 12996 | D:10     | Reached XP level 11. HP: 72/82 MP: 24/24
 14585 | D:10     | Reached skill level 5 in Transmutations
 15823 | D:10     | Found a staircase to the Orcish Mines.
 15950 | Orc:1    | Entered Level 1 of the Orcish Mines
 15950 | Orc:1    | Noticed an orc warlord
 16101 | D:10     | HP: 4/126 [orc warlord/great sword (20)]
 16102 | D:10     | Mangled by an orc warrior

Skill      XL: |  1  2  3  4  5  6  7  8  9 10 11 |
---------------+----------------------------------+-----
Earth Magic    | 4 5 6 7 8 |  8.9
Stealth        | 3 4 5 6 7 9 |  9.6
Spellcasting   | 3 4 5 6 8 9 |  9.1
Fighting       | 1 3 5 6 7 |  7.0
Maces & Flails | 1 3 5 6 |  6.7
Transmutations | 2 4 5 |  5.7
Dodging        | |  1.7

Action                   |  1- 3 |  4- 6 |  7- 9 | 10-12 || total
-------------------------+-------+-------+-------+-------++-------
Melee: Whip              |       |    12 |   172 |   144 ||   328
       Unarmed           |       |     3 |       |       ||     3
 Cast: Sandblast         |    38 |    90 |    69 |    75 ||   272
       Lee's Rapid Decon |       |     2 |    34 |    74 ||   110
       Magic Dart        |       |       |     2 |     3 ||     5
       Call Imp          |       |       |     2 |       ||     2
       Slow              |       |       |     1 |     6 ||     7
       Petrify           |       |       |     1 |     1 ||     2
Invok: Curse Item        |       |       |     1 |       ||     1
 Abil: Evoke Flight      |       |     1 |       |       ||     1
       Dig               |       |       |     1 |       ||     1
  Use: Potion            |     2 |       |     5 |     1 ||     8
       Scroll            |       |       |     1 |       ||     1
 Stab: Sleeping          |       |       |    12 |     7 ||    19
  Eat: Chunk             |     1 |     6 |     8 |    20 ||    35
       Ration            |       |     1 |     8 |     6 ||    15
Armor: Robe              |       |     2 |    31 |    19 ||    52
       Skin              |       |       |       |     1 ||     1
Dodge: Dodged            |     4 |    37 |   117 |   110 ||   268
